 Dungeon Crawl Stone Soup version 0.31-a0-198-g2ad674f65e (webtiles) character file.

Game seed: 150143161539152671

38 qw the Shooter (level 3, -4/20 HPs)
             Began as a Deep Elf Hunter on June 25, 2023.
             Killed from afar by Sigmund (6 damage)
             ... with a magic dart
             ... on level 2 of the Dungeon.
             The game lasted 00:00:25 (943 turns).

qw the Shooter (Deep Elf Hunter)                     Turns: 943, Time: 00:00:26

Health: -4/20      AC:  6    Str: 10    XL:     3   Next: 25%
Magic:  5/5        EV: 11    Int: 13    God:
Gold:   57         SH:  0    Dex: 18    Spells: 2/2 levels left

rFire   . . .        Y - +0 shortbow
rCold   . . .        (shield currently unavailable)
rNeg    . . .        f - +0 ring mail
rPois   .            i - +0 helmet
rElec   .            (no cloak)
rCorr   .            (no gloves)
SInv    .            (no boots)
Will    +....        (no amulet) Stlth
                     h - ring of willpower
HPRegen 0.23/turn    (no ring)
MPRegen 0.09/turn

%: no passive effects
@: confused
A: no striking features
a: no special abilities


You were on level 2 of the Dungeon.
You visited 1 branch of the dungeon, and saw 2 of its levels.

You collected 57 gold pieces.


   Skills:
 - Level 1.5 Fighting
 + Level 6.8 Ranged Weapons
 - Level 2.4 Dodging
 - Level 1.2 Stealth


You had 2 spell levels left.
You didn't know any spells.
Your spell library was empty.

Inventory:

Hand Weapons
 Y - a +0 shortbow (weapon)
Armour
 a - a +0 pair of gloves
 f - a +0 ring mail (worn)
 i - a +0 helmet (worn)
Jewellery
 h - a ring of willpower (left hand)
Scrolls
 b - a scroll of poison {unknown}
Potions
 d - a potion of attraction {unknown}
 e - a potion of resistance {unknown}
 j - a potion of curing {unknown}

Dungeon Overview and Level Annotations

Branches:
Dungeon (2/15)

Altars:

Annotations:
D:2 Sigmund


Message History

A hobgoblin comes into view.
You shoot an arrow. The arrow closely misses Sigmund.
The hobgoblin shouts!
Sigmund hits you from afar with a +0 scythe!
You shoot an arrow. The arrow hits Sigmund.
Sigmund is heavily wounded.
Sigmund gestures at you while chanting.
You are confused.
Sigmund barely misses you. Sigmund hits you but does no damage.
Sigmund hits you but does no damage.
You feel less confused. Sigmund barely misses you.
You shoot an arrow. The arrow hits the hobgoblin.
You kill the hobgoblin!
Sigmund hits you from afar with a +0 scythe.
You shoot an arrow.
The arrow hits Sigmund but does no damage.
Sigmund is heavily wounded.
You shoot an arrow. The arrow hits Sigmund.
Sigmund is heavily wounded.
Sigmund gestures at you while chanting. The magic dart hits you!
Sigmund hits you from afar with a +0 scythe.
A rat comes into view.
You shoot an arrow. The arrow hits Sigmund!
Sigmund is almost dead.
You shoot an arrow. The arrow closely misses Sigmund.
Sigmund points at you and mumbles some strange words.
You resist with almost no effort.
You shoot an arrow. The arrow barely misses Sigmund.
Sigmund points at you and mumbles some strange words.
You are confused.
Sigmund mumbles some strange words.
Sigmund flickers and vanishes!
Deactivating autopickup; reactivate with Ctrl-A.
Something hits you.
A magic dart appears from out of thin air!
The magic dart hits you.
You die...

#.#.# #%# #.#.#
... #.#.###.#..
#####.#.#...##.#
#.........## .#
#........#####.#
#.............
....###......##
..... #@####...
.....r{.%?......
......##r#####..
.... ?.. ... #.#
.. #.# . #.# ..#


You could see 2 rats.

Vanquished Creatures
  A worm (D:2)
  A dart slug (D:2)
  2 endoplasms (D:1)
  3 giant cockroaches
  A goblin (D:1)
  2 hobgoblins
  4 jackals (D:1)
  3 kobolds (D:1)
  2 ball pythons (D:1)
  3 bats (D:1)
  3 frilled lizards
  8 rats
33 creatures vanquished.

Notes
Turn   | Place    | Note
-------+----------+-------------------------------------------
     0 | D:1      | qw the Deep Elf Hunter began the quest for the Orb.
     0 | D:1      | Reached XP level 1. HP: 12/12 MP: 3/3
     0 | D:1      | 0 ||| qw: Version: 0.3-a-22-g0ed2b0b
     0 | D:1      | 0 ||| qw: Game counter: 5331
     0 | D:1      | 0 ||| qw: Melee chars always use a shield: true
     0 | D:1      | 0 ||| qw: God list: Okawaru
     0 | D:1      | 0 ||| qw: Allow faded altars: false
     0 | D:1      | 0 ||| qw: Do Orc after clearing Dungeon:15 true
     0 | D:1      | 0 ||| qw: Do second Lair branch before Depths: true
     0 | D:1      | 0 ||| qw: Lair rune preference: random
     0 | D:1      | 0 ||| qw: Goals: Normal
     0 | D:1      | 0 ||| PLANNING D:1-11
   120 | D:1      | Found a faded altar of an unknown god.
   197 | D:1      | Reached XP level 2. HP: 16/16 MP: 4/4
   206 | D:1      | Reached skill level 6 in Ranged Weapons
   229 | D:1      | HP: 3/16 [jackal (2)]
   234 | D:1      | HP: 1/16 [giant cockroach (2)]
   795 | D:1      | 795 ||| UPGRADING to +0 ring mail.
   805 | D:1      | 805 ||| DROPPING +0 leather armour.
   806 | D:1      | 806 ||| UPGRADING to +0 helmet.
   811 | D:1      | 811 ||| UPGRADING to ring of willpower.
   812 | D:1      | 812 ||| READING scroll labelled LEYZOIDGHEI.
   813 | D:1      | 813 ||| READING scroll labelled ITOCU WEAMMOKH.
   814 | D:1      | 814 ||| READING scroll labelled SIROOK QUWEI.
   815 | D:1      | 815 ||| DROPPING scroll of butterflies.
   854 | D:2      | Reached XP level 3. HP: 17/20 MP: 5/5
   854 | D:2      | 854 ||| FLEEEEING.
   855 | D:2      | 855 ||| FLEEEEING.
   923 | D:2      | Noticed Sigmund
   937 | D:2      | HP: 4/20 [Sigmund/magic dart (8)]
   942 | D:2      | HP: 2/20 [something (2)]
   943 | D:2      | Killed from afar by Sigmund

Levels and vault maps discovered:
D:1:      scummos_arrival_hexagon, layout_basic,
          hellmonk_ecumenical_altar_run_dry
D:2:      layout_rooms, uniq_sigmund

Skill      XL: |  1  2 |
---------------+-------+-----
Ranged Weapons | 6 |  6.8
Fighting       | |  1.5
Dodging        | |  2.4
Stealth        | |  1.2

Action                     || total
---------------------------++-------
   Fire: Shortbow          ||    90
    Use: Scroll            ||     3
 Armour: Leather armour    ||     7
         Ring mail         ||     3
  Dodge: Dodged            ||    23

Table legend:
 A = Non-vault XP
 B = Vault XP
 C = Vault XP percentage of total XP
 D = Non-vault monster count
 E = Vault monster count
 F = Vault count percentage of total count
                 A         B        C        D         E       F
            +---------+---------+-------+---------+---------+-------
      Total |      55 |       0 |   0.0 |      33 |       0 |   0.0
            +---------+---------+-------+---------+---------+-------
        D:1 |      39 |       0 |   0.0 |      26 |       0 |   0.0
        D:2 |      16 |       0 |   0.0 |       7 |       0 |   0.0
            +---------+---------+-------+---------+---------+-------
